TOP OF THE 1ST |
Las Vegas 51s batting - Pitching for Lehigh Valley IronPigs : RHP Jeff Dailey
|
Pitching: RHP Jeff Dailey
|
|
Batting: LHB Jose Chavez
|
0-0: Ball 1-0: Called Strike 1-1: Ball 2-1: Foul Ball, location: 2F 2-2: Ball 3-2: Foul Ball, location: 2F 3-2: Foul Ball, location: 2F 3-2: Fly out, F7 (Flyball, 7S, EV 90.0 MPH)
|
Batting: RHB Jordan Fairburn
|
0-0: Bunt missed! 0-1: Called Strike 0-2: DOUBLE (Flyball, 8RXD, EV 112.5 MPH)
|
Batting: RHB Josh Jones
|
0-0: Ball Jordan Fairburn steals 3rd base 1-0: Ball 2-0: Ground out 6-3 (Groundball, 6, EV 86.2 MPH) Jordan Fairburn scores
|
Batting: SHB Harrison Feist
|
0-0: SINGLE (Line Drive, 6MD, EV 103.1 MPH)
|
Batting: LHB Bill Armijo
|
0-0: Ball 1-0: Ball 2-0: Ball 3-0: Called Strike 3-1: Base on Balls Harrison Feist to second
|
Batting: RHB Ken Fitzpatrick
|
0-0: Called Strike 0-1: Fielders Choice at 2nd, 6-4 (Groundball, 6, EV 88.1 MPH)
|
Top of the 1st over - 1 run, 2 hits, 0 errors, 2 left on base; Las Vegas 1 - Lehigh Valley 0 |
BOTTOM OF THE 1ST |
Lehigh Valley IronPigs batting - Pitching for Las Vegas 51s : RHP Brent Garland
|
Pitching: RHP Brent Garland
|
|
Batting: LHB Theodore Conboy
|
0-0: Ball 1-0: Swinging Strike 1-1: Ball 2-1: Ball 3-1: Ground out U3 (Groundball, 34, EV 78.1 MPH)
|
Batting: LHB Jose Carlos
|
0-0: Ball 1-0: Fly out, F8 (Flyball, 8LM, EV 85.6 MPH)
|
Batting: RHB Victor Arroyo
|
0-0: Called Strike 0-1: Ball 1-1: Swinging Strike 1-2: Fly out, F8 (Flyball, 89S, EV 89.4 MPH)
|
Bottom of the 1st over - 0 runs, 0 hits, 0 errors, 0 left on base; Las Vegas 1 - Lehigh Valley 0 |
TOP OF THE 2ND |
Las Vegas 51s batting - Pitching for Lehigh Valley IronPigs : RHP Jeff Dailey
|
Batting: RHB Mike Phillips
|
0-0: Called Strike 0-1: Bunt for hit to 13 - play at first, batter OUT! 1-3
|
Batting: RHB Devine Adams
|
0-0: Ball 1-0: Swinging Strike 1-1: Ground out 6-3 (Groundball, 6, EV 86.2 MPH)
|
Batting: RHB Alex Vasquez
|
0-0: Ball 1-0: Ball 2-0: Foul Ball, location: 2F 2-1: DOUBLE (Groundball, 5L, EV 102.5 MPH)
|
Batting: LHB Jose Chavez
|
0-0: Called Strike 0-1: Ground out 6-3 (Groundball, 6M, EV 102.5 MPH)
|
Top of the 2nd over - 0 runs, 1 hit, 0 errors, 1 left on base; Las Vegas 1 - Lehigh Valley 0 |
BOTTOM OF THE 2ND |
Lehigh Valley IronPigs batting - Pitching for Las Vegas 51s : RHP Brent Garland
|
Batting: RHB Moritake Fukumoto
|
0-0: Foul Ball, location: 2F 0-1: Ground out 3-1 (Groundball, 34, EV 109.4 MPH)
|
Batting: RHB Carlos Morejon
|
0-0: Foul Ball, location: 2F 0-1: Ball 1-1: Called Strike 1-2: Ball 2-2: Foul Ball, location: 2F 2-2: Ball 3-2: SINGLE (Line Drive, 8RS, EV 88.1 MPH)
|
Batting: SHB Benjamin Brown
|
0-0: Called Strike 0-1: Swinging Strike 0-2: Ball 1-2: Fly out, F7 (Flyball, 78M, EV 81.9 MPH)
|
Batting: RHB Kyle Reilly
|
0-0: Called Strike 0-1: Ball 1-1: Fly out, F6 (Line Drive, 56, EV 60.0 MPH)
|
Bottom of the 2nd over - 0 runs, 1 hit, 0 errors, 1 left on base; Las Vegas 1 - Lehigh Valley 0 |
TOP OF THE 3RD |
Las Vegas 51s batting - Pitching for Lehigh Valley IronPigs : RHP Jeff Dailey
|
Batting: RHB Jordan Fairburn
|
0-0: Fly out, F7 (Flyball, 7LS, EV 75.0 MPH)
|
Batting: RHB Josh Jones
|
0-0: Ball 1-0: Called Strike 1-1: Called Strike 1-2: Fly out, F7 (Flyball, 78M, EV 86.9 MPH)
|
Batting: SHB Harrison Feist
|
0-0: Called Strike 0-1: Ball 1-1: Ball 2-1: Foul Ball, location: 2F 2-2: Ground out U3 (Groundball, 3, EV 80.6 MPH)
|
Top of the 3rd over - 0 runs, 0 hits, 0 errors, 0 left on base; Las Vegas 1 - Lehigh Valley 0 |
BOTTOM OF THE 3RD |
Lehigh Valley IronPigs batting - Pitching for Las Vegas 51s : RHP Brent Garland
|
Batting: RHB Bill Moldenhauer
|
0-0: Foul Ball, location: 2F 0-1: Ball 1-1: Ball 2-1: SINGLE (Groundball, 4M, EV 100.0 MPH) (infield hit)
|
Batting: SHB Bob Dixon
|
0-0: Ball 1-0: Ball 2-0: Foul Ball, location: 2F 2-1: Ball Bill Moldenhauer is caught stealing 2nd base 2-6 3-1: Foul Ball, location: 2F 3-2: Ground out 6-3 (Groundball, 6, EV 85.0 MPH)
|
Batting: LHB Theodore Conboy
|
0-0: Called Strike 0-1: Foul Ball, location: 2F 0-2: Ball 1-2: Ball 2-2: Ball 3-2: Fly out, F7 (Flyball, 78M, EV 76.2 MPH)
|
Bottom of the 3rd over - 0 runs, 1 hit, 0 errors, 0 left on base; Las Vegas 1 - Lehigh Valley 0 |
TOP OF THE 4TH |
Las Vegas 51s batting - Pitching for Lehigh Valley IronPigs : RHP Jeff Dailey
|
Batting: LHB Bill Armijo
|
0-0: Ball 1-0: Ball 2-0: Called Strike 2-1: Foul Ball, location: 2F 2-2: Fly out, F8 (Flyball, 78S, EV 82.5 MPH)
|
Batting: RHB Ken Fitzpatrick
|
0-0: Ball 1-0: SINGLE (Line Drive, 9S, EV 88.8 MPH)
|
Batting: RHB Mike Phillips
|
0-0: Called Strike 0-1: Ball Ken Fitzpatrick is caught stealing 2nd base 2-4 1-1: Ground out 5-3 (Groundball, 56S, EV 81.2 MPH)
|
Top of the 4th over - 0 runs, 1 hit, 0 errors, 0 left on base; Las Vegas 1 - Lehigh Valley 0 |
BOTTOM OF THE 4TH |
Lehigh Valley IronPigs batting - Pitching for Las Vegas 51s : RHP Brent Garland
|
Batting: LHB Jose Carlos
|
0-0: Called Strike 0-1: Ball 1-1: SINGLE (Flyball, 8RS, EV 97.5 MPH)
|
Batting: RHB Victor Arroyo
|
0-0: Called Strike 0-1: Swinging Strike 0-2: Strikes out swinging
|
Batting: RHB Moritake Fukumoto
|
0-0: Ball 1-0: SINGLE (Flyball, 7LS, EV 101.2 MPH) Jose Carlos to second
|
Batting: RHB Carlos Morejon
|
0-0: Ball 1-0: Called Strike 1-1: Foul Ball, location: 2F 1-2: Strikes out swinging
|
Batting: SHB Benjamin Brown
|
0-0: Ball 1-0: Fielders Choice at 2nd, 6-4 (Groundball, 56, EV 83.8 MPH)
|
Bottom of the 4th over - 0 runs, 2 hits, 0 errors, 2 left on base; Las Vegas 1 - Lehigh Valley 0 |
TOP OF THE 5TH |
Las Vegas 51s batting - Pitching for Lehigh Valley IronPigs : RHP Jeff Dailey
|
Batting: RHB Devine Adams
|
0-0: Called Strike 0-1: Foul Ball, location: 2F 0-2: Ball 1-2: Strikes out swinging
|
Batting: RHB Alex Vasquez
|
0-0: Swinging Strike 0-1: Ball 1-1: Ball 2-1: Ground out 1-3 (Groundball, 13S, EV 73.1 MPH)
|
Batting: LHB Jose Chavez
|
0-0: SINGLE (Groundball, 56D, EV 108.8 MPH)
|
Batting: RHB Jordan Fairburn
|
0-0: Ball 1-0: Ball 2-0: SINGLE (Flyball, 8RS, EV 89.4 MPH) Jose Chavez to second
|
Batting: RHB Josh Jones
|
0-0: Foul Ball, location: 2F 0-1: SINGLE (Line Drive, 56, EV 100.0 MPH) Jose Chavez to third Jordan Fairburn to second Runner from 3rd tries for Home, SAFE, throw by LF to home
|
Batting: SHB Harrison Feist
|
0-0: Ball 1-0: Foul Ball, location: 2F 1-1: Ball 2-1: Ball 3-1: Ground out 4-3 (Groundball, 4, EV 87.5 MPH)
|
Top of the 5th over - 1 run, 3 hits, 0 errors, 2 left on base; Las Vegas 2 - Lehigh Valley 0 |
BOTTOM OF THE 5TH |
Lehigh Valley IronPigs batting - Pitching for Las Vegas 51s : RHP Brent Garland
|
Batting: RHB Kyle Reilly
|
0-0: Ball 1-0: DOUBLE (Line Drive, 89D, EV 108.1 MPH)
|
Batting: RHB Bill Moldenhauer
|
0-0: Called Strike 0-1: Fly out, F7 (Flyball, 7, EV 83.8 MPH)
|
Batting: SHB Bob Dixon
|
0-0: DOUBLE (Line Drive, 78D, EV 114.4 MPH) Kyle Reilly scores
|
Batting: LHB Theodore Conboy
|
0-0: Ball 1-0: Ball 2-0: Foul Ball, location: 2F 2-1: Ball 3-1: Base on Balls
|
Batting: LHB Jose Carlos
|
0-0: Swinging Strike 0-1: Grounds into double play, U6-3 (Groundball, 4MD, EV 83.8 MPH)
|
Bottom of the 5th over - 1 run, 2 hits, 0 errors, 1 left on base; Las Vegas 2 - Lehigh Valley 1 |
TOP OF THE 6TH |
Las Vegas 51s batting - Pitching for Lehigh Valley IronPigs : RHP Jeff Dailey
|
Batting: LHB Bill Armijo
|
0-0: Ball 1-0: Called Strike 1-1: Called Strike 1-2: Ball 2-2: Foul Ball, location: 2F 2-2: Foul Ball, location: 2F 2-2: Fly out, F6 (Popup, 6M, EV 78.8 MPH)
|
Batting: RHB Ken Fitzpatrick
|
0-0: Foul Ball, location: 2F 0-1: Ball 1-1: Swinging Strike 1-2: Ball 2-2: Strikes out looking
|
Batting: RHB Mike Phillips
|
0-0: Fly out, F4 (Popup, 34S, EV 77.5 MPH)
|
Top of the 6th over - 0 runs, 0 hits, 0 errors, 0 left on base; Las Vegas 2 - Lehigh Valley 1 |
BOTTOM OF THE 6TH |
Lehigh Valley IronPigs batting - Pitching for Las Vegas 51s : RHP Brent Garland
|
Batting: RHB Victor Arroyo
|
0-0: Called Strike 0-1: Ball 1-1: Called Strike 1-2: Ball 2-2: Strikes out looking
|
Batting: RHB Moritake Fukumoto
|
0-0: Foul Ball, location: 2F 0-1: Foul Ball, location: 2F 0-2: Ball 1-2: Ball 2-2: Foul Ball, location: 2F 2-2: Fly out, F8 (Flyball, 8LD, EV 75.6 MPH)
|
Batting: RHB Carlos Morejon
|
0-0: Swinging Strike 0-1: Ball 1-1: Ball 2-1: Ball 3-1: Ground out 4-3 (Groundball, 4M, EV 98.1 MPH)
|
Bottom of the 6th over - 0 runs, 0 hits, 0 errors, 0 left on base; Las Vegas 2 - Lehigh Valley 1 |
TOP OF THE 7TH |
Las Vegas 51s batting - Pitching for Lehigh Valley IronPigs : RHP Jeff Dailey
|
Batting: RHB Devine Adams
|
0-0: Foul Ball, location: 2F 0-1: SINGLE (Groundball, 56D, EV 107.5 MPH)
|
Batting: RHB Alex Vasquez
|
0-0: Ball 1-0: Swinging Strike 1-1: Foul Ball, location: 2F 1-2: Strikes out swinging
|
Batting: LHB Jose Chavez
|
0-0: Ball 1-0: Called Strike Devine Adams steals 2nd base 1-1: Called Strike 1-2: Foul Ball, location: 2F 1-2: Ball 2-2: Strikes out looking
|
Batting: RHB Jordan Fairburn
|
0-0: Ball 1-0: Ball 2-0: Called Strike 2-1: Foul Ball, location: 2F 2-2: Ground out 5-3 (Groundball, 56S, EV 70.0 MPH)
|
Top of the 7th over - 0 runs, 1 hit, 0 errors, 1 left on base; Las Vegas 2 - Lehigh Valley 1 |
BOTTOM OF THE 7TH |
Lehigh Valley IronPigs batting - Pitching for Las Vegas 51s : RHP Brent Garland
|
Batting: SHB Benjamin Brown
|
0-0: Fly out, F9 (Flyball, 9, EV 80.6 MPH)
|
Batting: RHB Kyle Reilly
|
0-0: Swinging Strike 0-1: Foul Ball, location: 2F 0-2: Ball 1-2: Strikes out looking
|
Batting: RHB Bill Moldenhauer
|
0-0: Foul Ball, location: 2F 0-1: Called Strike 0-2: Strikes out swinging
|
Bottom of the 7th over - 0 runs, 0 hits, 0 errors, 0 left on base; Las Vegas 2 - Lehigh Valley 1 |
TOP OF THE 8TH |
Las Vegas 51s batting - Pitching for Lehigh Valley IronPigs : RHP Jeff Dailey
|
Pitching: LHP Ignacio Amaya
|
|
Batting: RHB Josh Jones
|
0-0: Ground out 4-3 (Groundball, 4, EV 87.5 MPH)
|
Batting: SHB Harrison Feist
|
0-0: Ball 1-0: Ball 2-0: Fly out, F8 (Flyball, 8LD, EV 92.5 MPH)
|
Batting: LHB Bill Armijo
|
0-0: Ball 1-0: Swinging Strike 1-1: Called Strike 1-2: Ball 2-2: Ball 3-2: Strikes out swinging
|
Top of the 8th over - 0 runs, 0 hits, 0 errors, 0 left on base; Las Vegas 2 - Lehigh Valley 1 |
BOTTOM OF THE 8TH |
Lehigh Valley IronPigs batting - Pitching for Las Vegas 51s : RHP Brent Garland
|
Pitching: RHP Alastair Henry
|
|
Batting: SHB Bob Dixon
|
0-0: Ball 1-0: Foul Ball, location: 2F 1-1: Swinging Strike 1-2: Ball 2-2: Foul Ball, location: 2F 2-2: SINGLE (Groundball, 34D, EV 101.9 MPH)
|
Batting: LHB Theodore Conboy
|
0-0: Bunted foul 0-1: Bunted foul 0-2: Ball 1-2: Ball 2-2: Fielders Choice at 2nd, 6-4 (Groundball, 6, EV 82.5 MPH)
|
Batting: LHB Jose Carlos
|
0-0: Called Strike 0-1: Foul Ball, location: 2F 0-2: Foul Ball, location: 2F 0-2: Strikes out swinging
|
Batting: RHB Victor Arroyo
|
0-0: Ball 1-0: Foul Ball, location: 2F 1-1: Swinging Strike 1-2: Strikes out swinging
|
Bottom of the 8th over - 0 runs, 1 hit, 0 errors, 1 left on base; Las Vegas 2 - Lehigh Valley 1 |
TOP OF THE 9TH |
Las Vegas 51s batting - Pitching for Lehigh Valley IronPigs : LHP Ignacio Amaya
|
Pitching: RHP Manny Cordova
|
|
Batting: RHB Ken Fitzpatrick
|
0-0: Swinging Strike 0-1: Foul Ball, location: 2F 0-2: Strikes out looking
|
Batting: RHB Mike Phillips
|
0-0: DOUBLE (Line Drive, 78M, EV 95.0 MPH)
|
Batting: RHB Devine Adams
|
0-0: Hit by Pitch
|
Batting: RHB Alex Vasquez
|
0-0: Swinging Strike 0-1: Ball 1-1: Grounds into double play, 6-4-3 (Groundball, 56, EV 85.6 MPH)
|
Top of the 9th over - 0 runs, 1 hit, 0 errors, 1 left on base; Las Vegas 2 - Lehigh Valley 1 |
BOTTOM OF THE 9TH |
Lehigh Valley IronPigs batting - Pitching for Las Vegas 51s : RHP Alastair Henry
|
Pitching: LHP Ken Dewey
|
|
Now at 1B: Roger Renteria
|
|
Batting: RHB Moritake Fukumoto
|
0-0: Called Strike 0-1: Fly out, F4 (Popup, 34S, EV 85.0 MPH)
|
Batting: RHB Carlos Morejon
|
0-0: Called Strike 0-1: Ground out 6-3 (Groundball, 6, EV 91.9 MPH)
|
Batting: SHB Benjamin Brown
|
0-0: Ball 1-0: Called Strike 1-1: Swinging Strike 1-2: Foul Ball, location: 2F 1-2: Foul Ball, location: 2F 1-2: Strikes out swinging
|
Bottom of the 9th over - 0 runs, 0 hits, 0 errors, 0 left on base; Las Vegas 2 - Lehigh Valley 1 |
|